 Dungeon Crawl Stone Soup version 0.29-a0-398-ge13fd13 (webtiles) character file.

Game seed: 2403345488685911500

882 Illumine the Cleaver (level 7, -1/64 HPs)
             Began as a Minotaur Berserker on May 12, 2022.
             Was a Priest of Trog.
             Slain by a gnoll
             ... wielding a +0 whip
              (6 damage)
             ... on level 5 of the Dungeon.
             The game lasted 00:03:20 (4763 turns).

Illumine the Cleaver (Minotaur Berserker)           Turns: 4763, Time: 00:03:21

Health: -1/64      AC:  9    Str: 24    XL:     7   Next: 76%
Magic:  15/15      EV: 15    Int:  4    God:    Trog [***...]
Gold:   184        SH:  0    Dex: 12    Spells: 6/6 levels left

rFire   . . .      SeeInvis .   a - +0 hand axe
rCold   . . .      Faith    .   (no shield)
rNeg    . . .      Spirit   .   k - +0 ring mail
rPois   .          Reflect  .   (helmet restricted)
rElec   .          Harm     .   (no cloak)
rCorr   .          Rampage  .   x - +2 pair of gloves "Xudonlem" {MP+9 Dex+3}
Will    .....                   (no boots)
Stlth   +.........              (no amulet)
HPRegen 0.20/turn               h - +4 ring of evasion
MPRegen 0.14/turn               (no ring)

@: no status effects
A: horns 2, retaliatory headbutt
a: Renounce Religion, Berserk, Trog's Hand


You were on level 5 of the Dungeon.
You worshipped Trog.
Trog was most pleased with you.
You visited 1 branch of the dungeon, and saw 5 of its levels.

You collected 184 gold pieces.

Inventory:

Hand Weapons
 a - a +0 hand axe (weapon)
Missiles
 d - 10 poisoned darts (quivered)
Armour
 k - a +0 ring mail (worn)
 x - the +2 pair of gloves "Xudonlem" (worn) {MP+9 Dex+3}
   (You found it on level 4 of the Dungeon)

   Dex:       It affects your dexterity (+3).
   MP:        It affects your magic capacity (+9).
Jewellery
 h - a +4 ring of evasion (left hand)
Wands
 b - a wand of digging (3)
 m - a wand of acid (18)
 t - a wand of polymorph (3)
Scrolls
 g - 3 scrolls of silence
 i - 3 scrolls of vulnerability
 j - 3 scrolls of teleportation
 n - a scroll of enchant weapon {unknown}
 v - a scroll of immolation {unknown}
 y - a scroll of enchant armour {unknown}
Potions
 c - 2 potions of flight
 e - a potion of brilliance
 f - a potion of attraction
 l - a potion of lignification {unknown}
 o - a potion of heal wounds {unknown}
 p - a potion of invisibility {unknown}
 q - 2 potions of might
 r - a potion of curing {unknown}
 s - a potion of haste {unknown}
 w - a potion of degeneration {unknown}


   Skills:
 + Level 6.4 Fighting
 * Level 8.4 Axes
 + Level 5.7 Armour
 - Level 2.1 Dodging


You had 6 spell levels left.
You didn't know any spells.
Your spell library was empty.

Dungeon Overview and Level Annotations

Branches:
Dungeon (5/15)
 Temple: D:4-7

Altars:
Cheibriados
Ru
Sif Muna
Trog
Xom
Zin


Innate Abilities, Weirdness & Mutations

You have a pair of horns on your head.
You reflexively headbutt those who attack you in melee.


Message History

You furiously retaliate!
You headbutt the gnoll. The gnoll attacks as you move away!
The gnoll barely misses you. The gnoll attacks as you move away!
The gnoll hits you but does no damage. The gnoll attacks as you move away!
The gnoll closely misses you. The gnoll attacks as you move away!
The gnoll hits you with a +0 whip. The gnoll attacks as you move away!
The gnoll hits you with a +0 whip. The gnoll attacks as you move away!
The gnoll misses you. The gnoll attacks as you move away!
The gnoll hits you with a +0 whip. The gnoll attacks as you move away!
The gnoll hits you with a +0 whip. The gnoll attacks as you move away!
The gnoll hits you with a +0 whip.
* * * LOW HITPOINT WARNING * * *
There is a stone staircase leading down here.
The gnoll closely misses you.
The gnoll hits you from afar with a +0 halberd.
* * * LOW HITPOINT WARNING * * *
The gnoll hits you with a +0 whip.
* * * LOW HITPOINT WARNING * * *
You climb downwards.
The quokka bites you but does no damage.
The quokka completely misses you.
There is a stone staircase leading up, spattered with blood here.
You barely miss the quokka. You hit the gnoll. The gnoll barely misses you.
The quokka bites you but does no damage.
Unknown command.
You closely miss the quokka. You hit the gnoll.
The gnoll completely misses you. The quokka bites you.
* * * LOW HITPOINT WARNING * * *
You completely miss the gnoll.
The gnoll is almost dead.
You hit the quokka. The gnoll hits you but does no damage.
The quokka bites you.
* * * LOW HITPOINT WARNING * * *
Unknown command.
You barely miss the gnoll.
The gnoll is severely wounded.
You hit the quokka.
You kill the quokka!
Trog accepts your kill. The gnoll hits you with a +0 whip.
You die...

#..# #
#..# #$
##..##
#. ....
#.##...
....#
#g†#
#.@#
#..#
....#
####.#
#.# #.#
#.# #.#


You could see a gnoll.

Vanquished Creatures
  A black bear (D:4)
  An ogre (D:4)
  2 phantoms (D:4)
  A bullfrog (D:4)
  A hound (D:4)
  A jelly (D:4)
  Jessica (D:3)
  Ijyb (D:3)
  Natasha (thrice) (D:4)
  2 iguanas (D:4)
  Robin (D:3)
  8 gnolls (D:3)
  5 adders
  An ufetubus (D:4)
  A worm (D:2)
  2 dart slugs
  An orc (D:4)
  15 endoplasms
  6 giant cockroaches
  9 goblins
  14 hobgoblins
  5 kobolds
  5 quokkas
  10 ball pythons
  5 bats
  A frilled lizard (D:1)
  7 rats
110 creatures vanquished.

Vanquished Creatures (others)
  10 plants
10 creatures vanquished.

Grand Total: 120 creatures vanquished

Notes
Turn   | Place    | Note
-------+----------+-------------------------------------------
     0 | D:1      | Illumine the Minotaur Berserker began the quest for the
                  | Orb.
     0 | D:1      | Reached XP level 1. HP: 19/19 MP: 0/0
    76 | D:1      | Reached skill level 4 in Axes
    78 | D:1      | Reached XP level 2. HP: 11/27 MP: 1/1
   648 | D:1      | Reached ** piety under Trog
   649 | D:1      | Reached XP level 3. HP: 33/33 MP: 2/2
  1891 | D:2      | Found a faded altar of an unknown god.
  1983 | D:2      | Reached skill level 5 in Axes
  1983 | D:2      | Reached XP level 4. HP: 38/40 MP: 3/3
  2330 | D:3      | Found a bloodstained altar of Trog.
  2539 | D:3      | Found a shimmering altar of Xom.
  2550 | D:3      | Found a snail-covered altar of Cheibriados.
  2711 | D:3      | Found a sacrificial altar of Ru.
  2721 | D:3      | Noticed Jessica
  2733 | D:3      | Killed Jessica
  2734 | D:3      | Reached XP level 5. HP: 34/47 MP: 4/4
  2843 | D:3      | Noticed Robin
  2850 | D:3      | Killed Robin
  2887 | D:3      | Noticed Ijyb
  2901 | D:3      | Killed Ijyb
  2901 | D:3      | Reached *** piety under Trog
  3064 | D:3      | Reached skill level 6 in Axes
  3072 | D:3      | Reached skill level 5 in Fighting
  3426 | D:4      | Noticed Natasha
  3429 | D:4      | Killed Natasha
  3432 | D:4      | Reached XP level 6. HP: 56/56 MP: 5/5
  3436 | D:4      | Noticed Natasha
  3445 | D:4      | Killed Natasha
  3724 | D:4      | Noticed Natasha
  3725 | D:4      | Found a glowing silver altar of Zin.
  3733 | D:4      | Reached skill level 7 in Axes
  3734 | D:4      | Killed Natasha
  3758 | D:4      | Reached skill level 5 in Armour
  3758 | D:4      | Reached XP level 7. HP: 9/62 MP: 6/6
  4226 | D:4      | Identified the +2 pair of gloves "Xudonlem" {MP+9 Dex+3}
  4373 | D:4      | Found a shimmering blue altar of Sif Muna.
  4581 | D:4      | Reached skill level 8 in Axes
  4728 | D:5      | Entered Level 5 of the Dungeon
  4763 | D:5      | Slain by a gnoll

Illustrated notes

Levels and vault maps discovered:
D:1:      wheals_arrival_shading, layout_rooms, serial_bayou,
          serial_bayou_pond_c, serial_bayou_pond_a, serial_bayou_ford_a,
          serial_bayou_crossing, serial_bayou_pond_d,
          chequers_serial_rivers_small_3, serial_park_tiny_1
D:2:      layout_loops_corners, dilly_ecumenical_altar_fadedgnrine
D:3:      layout_loops_ring, mainiacjoe_overflow_24_doors,
          mainiacjoe_overflow_catch_the_wave,
          mainiacjoe_overflow_small_starburst, guppyfry_early_lair_pool,
          uniq_robin, uniq_ijyb, uniq_jessica
D:4:      layout_cave_pools, lemuel_blue_sif_altar, zin_academy,
          minmay_pentangle, uniq_natasha
D:5:      layout_loops_ring, kennysheep_little_box

Skill      XL: |  1  2  3  4  5  6  7 |
---------------+----------------------+-----
Axes           | 4 5 6 7 8 |  8.4
Fighting       | 4 5 6 |  6.4
Armour         | 3 4 5 |  5.7
Dodging        | |  2.1

Action                   |  1- 3 |  4- 6 |  7- 9 || total
-------------------------+-------+-------+-------++-------
Melee: Hand axe          |    87 |    86 |    74 ||   247
       Headbutt          |    10 |    14 |    11 ||    35
       Punch             |     1 |     2 |       ||     3
       Unarmed           |       |     6 |       ||     6
  Use: Scroll            |       |     3 |     3 ||     6
Armor: Animal skin       |     4 |       |       ||     4
       Ring mail         |       |    14 |    25 ||    39
Dodge: Dodged            |    65 |    61 |    71 ||   197

Table legend: (Time is in decaauts)
 A = Elapsed time spent in this place.
 B = Non-inter-level travel time spent in this place.
 C = Inter-level travel time spent in this place.
 D = Time resting spent in this place.
 E = Time spent auto-exploring this place.
 F = Levels seen in this place.
 G = Mean time per level.
                   A        B        C        D        E       F      G
               +--------+--------+--------+--------+--------+-----+--------+
         Total |   4800 |   4721 |     79 |    433 |   3636 |   5 |  960.0 |
       Dungeon |   4800 |   4721 |     79 |    433 |   3636 |   5 |  960.0 |
               +--------+--------+--------+--------+--------+-----+--------+

Top non-repeatable levels by time:
     D:4: 1329 daAuts
     D:3: 1226 daAuts
     D:1: 1190 daAuts
     D:2: 1046 daAuts
     D:5: 7 daAuts
